 Dungeon Crawl Stone Soup version 0.20.1-1-g8b1a95d (webtiles) character file.

44 letownia2 the Grave Robber (level 3, -1/28 HPs)
             Began as a Deep Dwarf Necromancer on Dec 16, 2017.
             Slain by a water moccasin (4 damage)
             ... on level 3 of the Dungeon.
             The game lasted 00:01:51 (803 turns).

letownia2 the Grave Robber (Deep Dwarf Necromancer)  Turns: 803, Time: 00:01:52

Health: -1/28      AC:  3    Str: 11    XL:     3   Next: 39%
Magic:  1/6        EV: 12    Int: 16    God:
Gold:   103        SH:  0    Dex: 13    Spells: 2/6 levels left

rFire    . . .     SeeInvis .   g - +0 dagger
rCold    . . .     Gourm    .   (no shield)
rNeg     + . .     Faith    .   e - +0 leather armour {rN+}
rPois    .         Spirit   .   (no helmet)
rElec    .         Reflect  .   (no cloak)
rCorr    .         Harm     .   (no gloves)
MR       .....                  (no boots)
Stlth    ++........             (no amulet)
Regen    0.0/turn               (no ring)
MPRegen  0.1/turn               (no ring)

@: lethally poisoned (-1 -> -1), non-regenerating
A: damage resistance, heal wounds, sense surroundings 1, no regeneration
a: Heal Wounds


You were on level 3 of the Dungeon.
You were not hungry.

You visited 1 branch of the dungeon, and saw 4 of its levels.

You collected 103 gold pieces.

Inventory:

Hand Weapons
 g - a +0 dagger (weapon)
Missiles
 l - 2 tomahawks (quivered)
Armour
 a - a +0 robe
 e - a +0 leather armour of positive energy (worn)
Jewellery
 f - an uncursed ring of stealth {unknown}
Scrolls
 d - a scroll of identify {unknown}
 i - 2 scrolls of teleportation {unknown}
 j - a scroll of enchant weapon {unknown}
Potions
 h - a potion of heal wounds {unknown}
Books
 b - a book of Necromancy

   Spells                             Type                      Level
   a - Pain                           Necromancy                   1
   b - Animate Skeleton               Necromancy                   1
   c - Vampiric Draining              Necromancy                   3
   d - Regeneration                   Charms/Necromancy            3
   e - Animate Dead                   Necromancy                   4
   f - Control Undead                 Necromancy                   4
Comestibles
 c - a bread ration
 k - 2 chunks of flesh


   Skills:
 - Level 2.1 Dodging
 - Level 2.4 Stealth
 - Level 2.1 Spellcasting
 + Level 5.4 Necromancy


You had 2 spell levels left.
You knew the following spells:

 Your Spells              Type           Power        Failure   Level  Hunger
a - Pain                  Necr           ###.         2%          1    #......
v - Vampiric Draining     Necr           ###.......   9%          3    ###....


Dungeon Overview and Level Annotations

Branches:
Dungeon (4/15)
 Temple: D:4-7

Altars:
The Shining One


Innate Abilities, Weirdness & Mutations

You are resistant to damage.
You can heal yourself by infusing magical energy.
You passively map a small area around you.
You do not regenerate.


Message History

Aim: a water moccasin (lightly wounded, chance to defeat MR: 78%)
The water moccasin writhes in agony!
The water moccasin bites you but does no damage. x2
Casting: Pain
Confirm with . or Enter, or press ? or * to list all spells.
Aiming: Pain
Press: ? - help, Shift-Dir - straight line, f/p - water moccasin
Aim: a water moccasin (moderately wounded, chance to defeat MR: 78%)
The water moccasin writhes in agony!
The water moccasin bites you.
* * * LOW HITPOINT WARNING * * *
You are poisoned.
The water moccasin poisons you!
Casting: Pain
Confirm with . or Enter, or press ? or * to list all spells.
Aiming: Pain
Press: ? - help, Shift-Dir - straight line, f/p - water moccasin
Aim: a water moccasin (moderately wounded, chance to defeat MR: 78%)
The water moccasin writhes in agony!
The water moccasin barely misses you. The water moccasin bites you.
You die...

*### * .... .....
############
.....##...>.......
............######
* ............#
......#S#####
###..<#@# , , #..
#.# ,, #.. ..#, ,
#.,.#.+,,≈ #...#.+
, ≈ .. ### , #.. ,
,,* * #. , , *


You could see a water moccasin.

Vanquished Creatures
  An iguana (D:4)
  An ooze (D:2)
  A dart slug (D:3)
  A bat (D:2)
  2 goblins
  2 hobgoblins
  A frilled lizard (D:1)
  A leopard gecko skeleton (D:4)
  A rat (D:1)
11 creatures vanquished.

Notes
Turn   | Place    | Note
-------+----------+-------------------------------------------
     0 | D:1      | letownia2 the Deep Dwarf Necromancer began the quest for the Orb.
     0 | D:1      | Reached XP level 1. HP: 15/15 MP: 3/3
   394 | D:2      | Reached XP level 2. HP: 17/22 MP: 0/5
   568 | D:3      | Found a glowing golden altar of the Shining One.
   668 | D:4      | Reached skill level 5 in Necromancy
   668 | D:4      | Reached XP level 3. HP: 7/28 MP: 0/6
   729 | D:4      | Learned a level 3 spell: Vampiric Draining
   795 | D:3      | Noticed a water moccasin
   803 | D:3      | Slain by a water moccasin

Skill      XL: |  1  2 |
---------------+-------+-----
Spellcasting   | 2 |  2.1
Necromancy     | 5 |  5.4
Dodging        | |  2.1
Stealth        | |  2.4

Action                   || total
-------------------------++-------
Melee: Unarmed           ||     4
       Dagger            ||     7
 Cast: Pain              ||    28
       Vampiric Draining ||     2
Armor: Leather armour    ||     7
Dodge: Dodged            ||     5
